Kings vs Avalanche

Created - 28 mars 2019 at 18:44

Goals
1 2 3 OT1 T
Kings 2 0 0 1 3
Avalanche 2 0 0 0 2
Shots
1 2 3 OT1 T
Kings 16 10 8 2 36
Avalanche 23 9 11 2 45

1st period

1. Kings , Erik Johnson 14 (Joe Pavelski 30, John Moore 23) at 3:54 (PP)
2. Kings , Nick Bjugstad 14 (Joe Pavelski 31, Klas Dahlbeck 8) at 4:39
3. Avalanche , Ryan Dzingel 16 (Chris Tanev 14, Henrik Sedin 14) at 15:35 (PP)
4. Avalanche , David Krejci 11 (Troy Stecher 7, Mitch Marner 15) at 16:21

Penalties :
Sami Vatanen (COL) for Tripping (Minor) at 3:46, Erik Johnson (LOS) for High sticking (Minor) at 14:18, Klas Dahlbeck (LOS) for Hooking (Minor) at 19:21

2nd period

No Goal

Penalties :
Mats Zuccarello (COL) for Hooking (Minor) at 3:51, Jesper Fast (LOS) for Hooking (Minor) at 14:09, Frank Vatrano (COL) for Hooking (Minor) at 16:23

3rd period

No Goal

Penalties :
Stephen Johns (LOS) for Goalie Interference (Minor) at 4:10, Travis Sanheim (LOS) for Holding (Minor) at 8:09, Mikael Backlund (LOS) for Interference (Minor) at 12:01, Klas Dahlbeck (LOS) for Hooking (Minor) at 14:24

Overtime #1

5. Kings , Patrik Berglund 16 (John Moore 24, Mikael Backlund 29) at 2:05

Penalties :
No Penalty

Goalie Stats

Henrik Lundqvist (LOS), 43 saves from 45 shots - (0.956), W, 22-14-4, 62:06 minutes
Jake Allen (COL), 33 saves from 36 shots - (0.917), OTL, 19-24-6, 62:06 minutes

Players Stats for Kings

Player Name              G  A  P  +/- PIM S  H  SB GA TA FO     MP     PP MP  PK MP  
------------------------------------------------------------------------------------
Andre Burakovsky         0  0  0   0  0   1  1  0  0  0  0/0    12:02   0:00   0:22 
Anthony Cirelli          0  0  0   0  0   0  0  0  0  0  0/1     1:37   0:00   0:00 
Daniel Sedin             0  0  0  -1  0   1  1  0  0  0  1/1    14:07   2:23   0:00 
Erik Johnson             1  0  1   0  2   2  1  1  0  0  0/0    24:49   2:24   5:52 
Jesper Fast              0  0  0  -1  2   5  3  1  0  0  0/0    14:06   2:23   0:00 
Joe Pavelski             0  2  2   1  0   1  0  0  0  0  21/37  26:55   1:43   7:18 
John Moore               0  2  2   1  0   1  1  0  0  0  0/0    24:36   2:24   6:16 
Jonathan Toews           0  0  0  -1  0   3  0  2  0  0  11/20  25:22   2:03   7:33 
Klas Dahlbeck            0  1  1   1  4   0  2  1  0  0  0/0    15:46   0:20   2:10 
Mark Jankowski           0  0  0   0  0   1  0  0  0  0  1/4     3:18   0:20   0:00 
Matt Hunwick             0  0  0  -1  0   0  2  3  0  0  0/0    21:20   1:22   6:00 
Mikael Backlund          0  1  1   1  2   6  1  2  0  0  12/17  16:17   0:00   3:54 
Nick Bjugstad            1  0  1   1  0   5  0  0  0  0  1/1    16:49   1:43   0:00 
Oskar Sundqvist          0  0  0   0  0   1  0  0  0  0  1/2     3:19   0:00   2:42 
Patrik Berglund          1  0  1   2  0   7  1  0  0  0  0/0    22:06   1:43   4:33 
Stephen Johns            0  0  0  -1  2   0  3  0  0  0  0/0    20:57   1:22   5:38 
Travis Sanheim           0  0  0   1  2   1  0  2  0  0  0/0    14:18   0:20   0:26 
Victor Rask              0  0  0   0  0   1  0  0  0  0  3/5    15:16   0:00   0:00 

Players Stats for Avalanche

Player Name              G  A  P  +/- PIM S  H  SB GA TA FO     MP     PP MP  PK MP  
------------------------------------------------------------------------------------
Alexander Steen          0  0  0  -1  0   1  0  0  0  0  0/0    21:24   7:34   0:50 
Alexandre Burrows        0  0  0   0  0   0  0  0  0  0  0/0     9:06   0:00   0:50 
Andrew MacDonald         0  0  0  -1  0   0  2  0  0  0  0/0    12:54   0:00   0:06 
Chris Tanev              0  1  1   1  0   2  1  1  0  0  0/0    21:27   5:35   1:54 
David Krejci             1  0  1   1  0   2  0  0  0  0  3/11   11:30   0:00   1:08 
Dylan Larkin             0  0  0   0  0   6  1  0  0  0  20/37  23:34   7:34   2:06 
Frank Vatrano            0  0  0  -1  2   1  2  0  0  0  0/0    12:07   0:00   0:11 
Henrik Sedin             0  1  1  -1  0   3  1  1  0  0  9/21   15:21   5:37   1:08 
Jaccob Slavin            0  0  0   0  0   4  1  0  0  0  0/0    26:11   7:36   2:06 
Mats Zuccarello          0  0  0  -1  2   2  0  1  0  0  0/0    11:56   0:00   0:00 
Matt Grzelcyk            0  0  0  -1  0   1  0  3  0  0  0/0    13:02   0:00   0:14 
Mitch Marner             0  1  1   1  0   3  0  0  0  0  0/1    15:27   5:37   0:00 
Ryan Dzingel             1  0  1   1  0   3  0  0  0  0  2/2    15:27   5:37   0:00 
Sami Vatanen             0  0  0  -1  2   6  3  0  0  0  0/0    27:04   7:36   1:58 
Tobias Rieder            0  0  0  -1  0   1  0  0  0  0  2/11   12:29   0:00   0:00 
Tomas Hertl              0  0  0   0  0   6  0  0  0  0  1/5    23:27   7:34   1:59 
Troy Stecher             0  1  1   1  0   2  2  1  0  0  0/0    21:27   5:35   1:54 
Ty Rattie                0  0  0   0  0   2  1  0  0  0  0/0     8:16   0:00   0:00 

3 Stars

1 - Henrik Lundqvist (LOS)
2 - Patrik Berglund (LOS)
3 - John Moore (LOS)

Power Play

Kings - 1 on 3 Attempt(s) - 33.33%
Avalanche - 1 on 7 Attempt(s) - 14.29%

Penalty Kill

Kings - 6 on 7 Attempt(s) - 85.71% - Score 0 goal in Penalty Kill
Avalanche - 2 on 3 Attempt(s) - 66.67% - Score 0 goal in Penalty Kill

Team Stat

Kings - Hits : 16 - Faceoff Wins : 51 - Blocked Shots : 12 - Penalty Minutes : 14
Avalanche - Hits : 14 - Faceoff Wins : 37 - Blocked Shots : 7 - Penalty Minutes : 6

Official

Referees : Kyle Rehman and Rob Martell
Linesman : Matt MacPherson and Brad Lazarowich

Game Notes

No Game Note

Finance

Level 1 -- Attendance: 6444 (99.14%) -- Ticket Income 657 288 $
Level 2 -- Attendance: 4791 (95.82%) -- Ticket Income 359 325 $
Level 3 -- Attendance: 3379 (96.54%) -- Ticket Income 185 845 $
Level 4 -- Attendance: 2007 (100.00%) -- Ticket Income 90 315 $
Luxury Box -- Attendance: 971 (97.10%) -- Ticket Income 194 200 $
Game was played at the Pepsi Center.
Total Attendance: 17592 (97.70%)
Total Ticket Income: 1 486 973 $
Other Income: 728 617 $
Total Income: 2 215 590 $

% Time on Ice - Kings

Lines # - Real PCT - Wanted PCT - Time Play
Normal Forward
1 - 35% - 40% - 15:06
2 - 27% - 30% - 11:44
3 - 27% - 20% - 11:40
4 - 10% - 10% - 4:13
Normal Defense
1 - 32% - 40% - 13:50
2 - 33% - 30% - 13:58
3 - 32% - 20% - 13:33
4 - 3% - 10% - 1:22
PP Forward
1 - 42% - 60% - 1:43
2 - 58% - 40% - 2:23
PP Defense
1 - 59% - 60% - 2:24
2 - 41% - 40% - 1:42
PK Forward
1 - 65% - 60% - 8:38
2 - 35% - 40% - 4:33
PK Defense
1 - 53% - 60% - 7:00
2 - 47% - 40% - 6:11
PK3 Forward
1 - 0% - 60%
2 - 0% - 40%
PK3 Defense
1 - 0% - 60%
2 - 0% - 40%
44 Forward
1 - 0% - 60%
2 - 0% - 40%
44 Defense
1 - 0% - 60%
2 - 0% - 40%
Last Minute Offensive  - 0:00
Last Minute Defensive  - 0:00
Total
Forward - 60:00
Defense - 60:00

% Time on Ice - Avalanche

Lines # - Real PCT - Wanted PCT - Time Play
Normal Forward
1 - 30% - 30% - 12:40
2 - 23% - 25% - 9:50
3 - 28% - 25% - 11:57
4 - 19% - 20% - 8:16
Normal Defense
1 - 34% - 40% - 14:34
2 - 33% - 30% - 13:58
3 - 30% - 20% - 12:48
4 - 3% - 10% - 1:23
PP Forward
1 - 57% - 60% - 7:34
2 - 43% - 40% - 5:37
PP Defense
1 - 58% - 60% - 7:36
2 - 42% - 40% - 5:35
PK Forward
1 - 72% - 60% - 2:58
2 - 28% - 40% - 1:08
PK Defense
1 - 54% - 60% - 2:12
2 - 46% - 40% - 1:54
PK3 Forward
1 - 0% - 60%
2 - 0% - 40%
PK3 Defense
1 - 0% - 60%
2 - 0% - 40%
44 Forward
1 - 0% - 60%
2 - 0% - 40%
44 Defense
1 - 0% - 60%
2 - 0% - 40%
Last Minute Offensive  - 0:00
Last Minute Defensive  - 0:00
Total
Forward - 60:00
Defense - 60:00

Play-by-Play

1st period


0:01 of 1st period - Dylan Larkin wins face-off versus Joe Pavelski in neutral zone.
0:31 of 1st period - Shot by Dylan Larkin.
0:31 of 1st period - Stopped by Henrik Lundqvist with a rebound.
2:02 of 1st period - Chris Tanev is hit by Jesper Fast.
2:19 of 1st period - Icing by Troy Stecher.
2:20 of 1st period - Joe Pavelski wins face-off versus Mitch Marner in Avalanche zone.
2:25 of 1st period - Shot by Joe Pavelski.
2:25 of 1st period - Shot Misses the Net.
2:55 of 1st period - Shot by Patrik Berglund.
2:55 of 1st period - Stopped by Jake Allen without a rebound.
2:56 of 1st period - Mikael Backlund wins face-off versus Tobias Rieder in Avalanche zone.
2:57 of 1st period - Shot by Travis Sanheim.
2:57 of 1st period - Stopped by Jake Allen without a rebound.
2:58 of 1st period - Mikael Backlund wins face-off versus Tobias Rieder in Avalanche zone.
3:31 of 1st period - Shot by Tobias Rieder.
3:31 of 1st period - Deflect By Frank Vatrano.
3:31 of 1st period - Stopped by Henrik Lundqvist without a rebound.
3:32 of 1st period - Joe Pavelski wins face-off versus Henrik Sedin in Kings zone.
3:43 of 1st period - Shot by Joe Pavelski.
3:43 of 1st period - Shot Misses the Net.
3:45 of 1st period - Shot by Patrik Berglund.
3:45 of 1st period - Stopped by Jake Allen without a rebound.
3:46 of 1st period - Victor Rask wins face-off versus Dylan Larkin in Avalanche zone.
3:46 of 1st period - Minor Penalty to Sami Vatanen for Tripping.
3:47 of 1st period - Joe Pavelski wins face-off versus Tomas Hertl in Avalanche zone.
3:52 of 1st period - Shot by Joe Pavelski.
3:52 of 1st period - Shot Blocked by Matt Grzelcyk.
3:54 of 1st period - Shot by Erik Johnson.
3:54 of 1st period - Goal by Erik Johnson - Kings : 1 - Avalanche : 0.
3:55 of 1st period - Henrik Sedin wins face-off versus Victor Rask in neutral zone.
4:16 of 1st period - Shot by Ty Rattie.
4:16 of 1st period - Stopped by Henrik Lundqvist without a rebound.
4:17 of 1st period - Joe Pavelski wins face-off versus Tobias Rieder in Kings zone.
4:39 of 1st period - Shot by Nick Bjugstad.
4:39 of 1st period - Goal by Nick Bjugstad - Kings : 2 - Avalanche : 0.
4:40 of 1st period - Mikael Backlund wins face-off versus Henrik Sedin in neutral zone.
4:49 of 1st period - Shot by Andre Burakovsky.
4:49 of 1st period - Deflect By Mikael Backlund.
4:49 of 1st period - Shot Misses the Net.
4:51 of 1st period - Shot by Mikael Backlund.
4:51 of 1st period - Stopped by Jake Allen without a rebound.
4:52 of 1st period - Dylan Larkin wins face-off versus Jonathan Toews in Avalanche zone.
4:57 of 1st period - Shot by Tomas Hertl.
4:57 of 1st period - Shot Blocked by Matt Hunwick.
4:59 of 1st period - Shot by Troy Stecher.
4:59 of 1st period - Shot Misses the Net.
5:21 of 1st period - Shot by Tomas Hertl.
5:21 of 1st period - Stopped by Henrik Lundqvist with a rebound.
5:23 of 1st period - Shot by Troy Stecher.
5:23 of 1st period - Stopped by Henrik Lundqvist without a rebound.
5:24 of 1st period - Henrik Sedin wins face-off versus Joe Pavelski in Kings zone.
5:33 of 1st period - Shot by Sami Vatanen.
5:33 of 1st period - Stopped by Henrik Lundqvist without a rebound.
5:34 of 1st period - Mikael Backlund wins face-off versus Tobias Rieder in Kings zone.
6:07 of 1st period - Off-side.
6:08 of 1st period - Joe Pavelski wins face-off versus Henrik Sedin in neutral zone.
6:17 of 1st period - Off-side.
6:18 of 1st period - Dylan Larkin wins face-off versus Jonathan Toews in neutral zone.
6:18 of 1st period - Dylan Larkin is hit by Jesper Fast.
6:24 of 1st period - Shot by Tomas Hertl.
6:24 of 1st period - Deflect By Dylan Larkin.
6:24 of 1st period - Shot Blocked by Jonathan Toews.
6:26 of 1st period - Shot by Alexander Steen.
6:26 of 1st period - Shot Misses the Net.
6:28 of 1st period - Shot by Dylan Larkin.
6:28 of 1st period - Shot Misses the Net.
6:30 of 1st period - Shot by Chris Tanev.
6:30 of 1st period - Deflect By Tomas Hertl.
6:30 of 1st period - Shot Misses the Net.
6:32 of 1st period - Shot by Dylan Larkin.
6:32 of 1st period - Shot Misses the Net.
6:34 of 1st period - Shot by Tomas Hertl.
6:34 of 1st period - Stopped by Henrik Lundqvist without a rebound.
6:35 of 1st period - Nick Bjugstad wins face-off versus Henrik Sedin in Kings zone.
6:56 of 1st period - Shot by Patrik Berglund.
6:56 of 1st period - Stopped by Jake Allen without a rebound.
6:57 of 1st period - David Krejci wins face-off versus Mikael Backlund in Avalanche zone.
7:09 of 1st period - Shot by David Krejci.
7:09 of 1st period - Stopped by Henrik Lundqvist with a rebound.
7:31 of 1st period - Shot by Matt Grzelcyk.
7:31 of 1st period - Stopped by Henrik Lundqvist without a rebound.
7:32 of 1st period - Joe Pavelski wins face-off versus Tobias Rieder in Kings zone.
7:32 of 1st period - Joe Pavelski is hit by Frank Vatrano.
7:39 of 1st period - Patrik Berglund is hit by Jaccob Slavin.
8:36 of 1st period - Shot by Jonathan Toews.
8:36 of 1st period - Shot Misses the Net.
8:38 of 1st period - Shot by Jonathan Toews.
8:38 of 1st period - Stopped by Jake Allen without a rebound.
8:39 of 1st period - Henrik Sedin wins face-off versus Mikael Backlund in Avalanche zone.
8:55 of 1st period - Shot by Mikael Backlund.
8:55 of 1st period - Shot Blocked by Matt Grzelcyk.
9:09 of 1st period - Shot by Mikael Backlund.
9:09 of 1st period - Stopped by Jake Allen without a rebound.
9:10 of 1st period - Jonathan Toews wins face-off versus Dylan Larkin in Avalanche zone.
9:13 of 1st period - Shot by Jesper Fast.
9:13 of 1st period - Stopped by Jake Allen without a rebound.
9:14 of 1st period - Dylan Larkin wins face-off versus Jonathan Toews in Avalanche zone.
9:28 of 1st period - Shot by Jonathan Toews.
9:28 of 1st period - Deflect By Daniel Sedin.
9:28 of 1st period - Shot Misses the Net.
9:32 of 1st period - Shot by Jonathan Toews.
9:32 of 1st period - Shot Blocked by Troy Stecher.
9:53 of 1st period - Shot by Jesper Fast.
9:53 of 1st period - Shot Misses the Net.
10:19 of 1st period - Shot by Nick Bjugstad.
10:19 of 1st period - Stopped by Jake Allen without a rebound.
10:20 of 1st period - Victor Rask wins face-off versus David Krejci in Avalanche zone.
10:45 of 1st period - Shot by Mitch Marner.
10:45 of 1st period - Stopped by Henrik Lundqvist without a rebound.
10:46 of 1st period - Joe Pavelski wins face-off versus Henrik Sedin in Kings zone.
11:12 of 1st period - Shot by Patrik Berglund.
11:12 of 1st period - Stopped by Jake Allen without a rebound.
11:13 of 1st period - Jonathan Toews wins face-off versus David Krejci in Avalanche zone.
11:37 of 1st period - Shot by Daniel Sedin.
11:37 of 1st period - Shot Hit the Post.
11:47 of 1st period - Shot by Jonathan Toews.
11:47 of 1st period - Stopped by Jake Allen without a rebound.
11:48 of 1st period - Joe Pavelski wins face-off versus Tobias Rieder in Avalanche zone.
11:53 of 1st period - Shot by Patrik Berglund.
11:53 of 1st period - Shot Misses the Net.
12:01 of 1st period - Shot by Patrik Berglund.
12:01 of 1st period - Shot Blocked by Mats Zuccarello.
12:03 of 1st period - Shot by Nick Bjugstad.
12:03 of 1st period - Shot Misses the Net.
12:57 of 1st period - Shot by Dylan Larkin.
12:57 of 1st period - Stopped by Henrik Lundqvist without a rebound.
12:58 of 1st period - Dylan Larkin wins face-off versus Jonathan Toews in Kings zone.
13:19 of 1st period - Shot by Tomas Hertl.
13:19 of 1st period - Stopped by Henrik Lundqvist with a rebound.
13:21 of 1st period - Shot by Sami Vatanen.
13:21 of 1st period - Shot Misses the Net.
13:25 of 1st period - Shot by Alexander Steen.
13:25 of 1st period - Shot Blocked by Jesper Fast.
13:27 of 1st period - Shot by Tomas Hertl.
13:27 of 1st period - Stopped by Henrik Lundqvist without a rebound.
13:28 of 1st period - Mikael Backlund wins face-off versus Henrik Sedin in Kings zone.
13:37 of 1st period - Shot by Mikael Backlund.
13:37 of 1st period - Shot Misses the Net.
13:39 of 1st period - Shot by Mikael Backlund.
13:39 of 1st period - Shot Blocked by Matt Grzelcyk.
13:53 of 1st period - Mikael Backlund is hit by Ty Rattie and loses puck.
14:06 of 1st period - Shot by Victor Rask.
14:06 of 1st period - Stopped by Jake Allen without a rebound.
14:07 of 1st period - David Krejci wins face-off versus Joe Pavelski in Avalanche zone.
14:07 of 1st period - David Krejci is hit by Patrik Berglund.
14:17 of 1st period - Shot by Mitch Marner.
14:17 of 1st period - Shot Misses the Net.
14:18 of 1st period - Minor Penalty to Erik Johnson for High sticking.
14:19 of 1st period - Dylan Larkin wins face-off versus Joe Pavelski in Kings zone.
14:24 of 1st period - Shot by Tomas Hertl.
14:24 of 1st period - Deflect By Dylan Larkin.
14:24 of 1st period - Stopped by Henrik Lundqvist with a rebound.
14:26 of 1st period - Shot by Jaccob Slavin.
14:26 of 1st period - Stopped by Henrik Lundqvist without a rebound.
14:27 of 1st period - Dylan Larkin wins face-off versus Joe Pavelski in Kings zone.
15:01 of 1st period - Shot by Sami Vatanen.
15:01 of 1st period - Stopped by Henrik Lundqvist with a rebound.
15:06 of 1st period - Dylan Larkin is hit by John Moore and loses puck.
15:33 of 1st period - Shot by Chris Tanev.
15:33 of 1st period - Shot Misses the Net.
15:35 of 1st period - Shot by Ryan Dzingel.
15:35 of 1st period - Goal by Ryan Dzingel - Kings : 2 - Avalanche : 1.
15:36 of 1st period - Mikael Backlund wins face-off versus Tobias Rieder in neutral zone.
15:43 of 1st period - Shot by John Moore.
15:43 of 1st period - Shot Misses the Net.
15:50 of 1st period - Andrew MacDonald is hit by Erik Johnson and loses puck.
16:03 of 1st period - Shot by Mats Zuccarello.
16:03 of 1st period - Stopped by Henrik Lundqvist without a rebound.
16:04 of 1st period - David Krejci wins face-off versus Jonathan Toews in Kings zone.
16:21 of 1st period - Shot by David Krejci.
16:21 of 1st period - Goal by David Krejci - Kings : 2 - Avalanche : 2.
16:22 of 1st period - Henrik Sedin wins face-off versus Joe Pavelski in neutral zone.
16:27 of 1st period - Shot by Sami Vatanen.
16:27 of 1st period - Stopped by Henrik Lundqvist with a rebound.
16:37 of 1st period - Shot by Joe Pavelski.
16:37 of 1st period - Shot Misses the Net.
16:39 of 1st period - Shot by Klas Dahlbeck.
16:39 of 1st period - Shot Misses the Net.
16:41 of 1st period - Shot by Joe Pavelski.
16:41 of 1st period - Deflect By Nick Bjugstad.
16:41 of 1st period - Shot Misses the Net.
17:37 of 1st period - Shot by Jesper Fast.
17:37 of 1st period - Stopped by Jake Allen without a rebound.
17:38 of 1st period - Dylan Larkin wins face-off versus Mikael Backlund in Avalanche zone.
18:14 of 1st period - Andre Burakovsky is hit by Troy Stecher and loses puck.
18:39 of 1st period - Shot by Jesper Fast.
18:39 of 1st period - Shot Misses the Net.
18:41 of 1st period - Shot by John Moore.
18:41 of 1st period - Stopped by Jake Allen without a rebound.
18:42 of 1st period - Joe Pavelski wins face-off versus David Krejci in Avalanche zone.
18:45 of 1st period - Shot by Nick Bjugstad.
18:45 of 1st period - Shot Misses the Net.
18:59 of 1st period - Shot by David Krejci.
18:59 of 1st period - Shot Blocked by Klas Dahlbeck.
19:07 of 1st period - Shot by Ryan Dzingel.
19:07 of 1st period - Shot Misses the Net.
19:16 of 1st period - Mitch Marner is hit by Klas Dahlbeck and loses puck.
19:21 of 1st period - Shot by Ryan Dzingel.
19:21 of 1st period - Stopped by Henrik Lundqvist without a rebound.
19:21 of 1st period - Minor Penalty to Klas Dahlbeck for Hooking.
19:22 of 1st period - Henrik Sedin wins face-off versus Joe Pavelski in Kings zone.
19:23 of 1st period - Shot by Sami Vatanen.
19:23 of 1st period - Stopped by Henrik Lundqvist without a rebound.
19:24 of 1st period - Dylan Larkin wins face-off versus Joe Pavelski in Kings zone.
19:51 of 1st period - Shot by Jaccob Slavin.
19:51 of 1st period - Shot Misses the Net.
19:53 of 1st period - Shot by Jaccob Slavin.
19:53 of 1st period - Deflect By Dylan Larkin.
19:53 of 1st period - Stopped by Henrik Lundqvist without a rebound.
19:54 of 1st period - Joe Pavelski wins face-off versus Henrik Sedin in Kings zone.
Goals for this period are 2 for Kings vs 2 for Avalanche.
Shots for this period are 16 for Kings vs 23 for Avalanche.

2nd period


0:01 of 2nd period - Dylan Larkin wins face-off versus Joe Pavelski in neutral zone.
0:16 of 2nd period - Shot by Dylan Larkin.
0:16 of 2nd period - Shot Blocked by Matt Hunwick.
0:30 of 2nd period - Shot by Dylan Larkin.
0:30 of 2nd period - Stopped by Henrik Lundqvist without a rebound.
0:31 of 2nd period - Henrik Sedin wins face-off versus Joe Pavelski in Kings zone.
1:02 of 2nd period - Shot by Ryan Dzingel.
1:02 of 2nd period - Shot Misses the Net.
1:04 of 2nd period - Shot by Chris Tanev.
1:04 of 2nd period - Stopped by Henrik Lundqvist without a rebound.
1:05 of 2nd period - Joe Pavelski wins face-off versus Dylan Larkin in Kings zone.
1:17 of 2nd period - Dylan Larkin is hit by Matt Hunwick and loses puck.
1:42 of 2nd period - Off-side.
1:43 of 2nd period - Joe Pavelski wins face-off versus Dylan Larkin in neutral zone.
1:51 of 2nd period - Shot by Joe Pavelski.
1:51 of 2nd period - Shot Misses the Net.
1:54 of 2nd period - Icing by Jaccob Slavin.
1:55 of 2nd period - Jonathan Toews wins face-off versus Dylan Larkin in Avalanche zone.
1:56 of 2nd period - Shot by Daniel Sedin.
1:56 of 2nd period - Stopped by Jake Allen without a rebound.
1:57 of 2nd period - Dylan Larkin wins face-off versus Victor Rask in Avalanche zone.
3:04 of 2nd period - Shot by David Krejci.
3:04 of 2nd period - Shot Misses the Net.
3:13 of 2nd period - Ryan Dzingel is hit by Matt Hunwick and loses puck.
3:51 of 2nd period - Minor Penalty to Mats Zuccarello for Hooking.
3:52 of 2nd period - Daniel Sedin wins face-off versus Dylan Larkin in Avalanche zone.
3:53 of 2nd period - Shot by Erik Johnson.
3:53 of 2nd period - Shot Misses the Net.
3:55 of 2nd period - Shot by Jesper Fast.
3:55 of 2nd period - Stopped by Jake Allen without a rebound.
3:56 of 2nd period - Jonathan Toews wins face-off versus Dylan Larkin in Avalanche zone.
4:10 of 2nd period - Shot by Erik Johnson.
4:10 of 2nd period - Stopped by Jake Allen without a rebound.
4:11 of 2nd period - Dylan Larkin wins face-off versus Jonathan Toews in Avalanche zone.
4:26 of 2nd period - Shot by Erik Johnson.
4:26 of 2nd period - Shot Blocked by Chris Tanev.
6:04 of 2nd period - Shot by Victor Rask.
6:04 of 2nd period - Shot Misses the Net.
6:38 of 2nd period - Shot by Joe Pavelski.
6:38 of 2nd period - Stopped by Jake Allen without a rebound.
6:39 of 2nd period - Victor Rask wins face-off versus Tobias Rieder in Avalanche zone.
6:40 of 2nd period - Shot by Joe Pavelski.
6:40 of 2nd period - Shot Misses the Net.
6:58 of 2nd period - Shot by Mats Zuccarello.
6:58 of 2nd period - Shot Misses the Net.
7:44 of 2nd period - Tomas Hertl is hit by Stephen Johns and loses puck.
7:55 of 2nd period - Shot by Alexander Steen.
7:55 of 2nd period - Shot Misses the Net.
8:28 of 2nd period - Jonathan Toews is hit by Andrew MacDonald and loses puck.
8:38 of 2nd period - Shot by Alexandre Burrows.
8:38 of 2nd period - Shot Blocked by Jonathan Toews.
9:05 of 2nd period - Mitch Marner is hit by Stephen Johns and loses puck.
9:14 of 2nd period - Shot by Mitch Marner.
9:14 of 2nd period - Stopped by Henrik Lundqvist with a rebound.
9:24 of 2nd period - Shot by Sami Vatanen.
9:24 of 2nd period - Shot Misses the Net.
9:40 of 2nd period - Shot by Tobias Rieder.
9:40 of 2nd period - Stopped by Henrik Lundqvist without a rebound.
9:41 of 2nd period - Mark Jankowski wins face-off versus Dylan Larkin in Kings zone.
9:58 of 2nd period - Shot by Nick Bjugstad.
9:58 of 2nd period - Stopped by Jake Allen without a rebound.
9:59 of 2nd period - Tobias Rieder wins face-off versus Mark Jankowski in Avalanche zone.
10:12 of 2nd period - Shot by Mats Zuccarello.
10:12 of 2nd period - Shot Blocked by Travis Sanheim.
10:14 of 2nd period - Shot by Tobias Rieder.
10:14 of 2nd period - Shot Hit the Post.
10:16 of 2nd period - Shot by Andrew MacDonald.
10:16 of 2nd period - Shot Misses the Net.
10:21 of 2nd period - Icing by Travis Sanheim.
10:22 of 2nd period - Dylan Larkin wins face-off versus Mark Jankowski in Kings zone.
10:23 of 2nd period - Shot by Sami Vatanen.
10:23 of 2nd period - Shot Misses the Net.
10:25 of 2nd period - Shot by Sami Vatanen.
10:25 of 2nd period - Stopped by Henrik Lundqvist without a rebound.
10:26 of 2nd period - Dylan Larkin wins face-off versus Anthony Cirelli in Kings zone.
10:49 of 2nd period - Shot by Tomas Hertl.
10:49 of 2nd period - Shot Blocked by Erik Johnson.
11:17 of 2nd period - Shot by Mats Zuccarello.
11:17 of 2nd period - Shot Misses the Net.
11:31 of 2nd period - Shot by Chris Tanev.
11:31 of 2nd period - Shot Misses the Net.
12:13 of 2nd period - Shot by Daniel Sedin.
12:13 of 2nd period - Shot Misses the Net.
12:15 of 2nd period - Shot by Mark Jankowski.
12:15 of 2nd period - Stopped by Jake Allen without a rebound.
12:16 of 2nd period - Mikael Backlund wins face-off versus David Krejci in Avalanche zone.
12:24 of 2nd period - Shot by Mikael Backlund.
12:24 of 2nd period - Stopped by Jake Allen without a rebound.
12:25 of 2nd period - Dylan Larkin wins face-off versus Mark Jankowski in Avalanche zone.
12:25 of 2nd period - Dylan Larkin is hit by Daniel Sedin.
12:35 of 2nd period - Shot by Tomas Hertl.
12:35 of 2nd period - Shot Misses the Net.
12:37 of 2nd period - Shot by Jaccob Slavin.
12:37 of 2nd period - Shot Misses the Net.
12:39 of 2nd period - Shot by Jaccob Slavin.
12:39 of 2nd period - Shot Misses the Net.
12:41 of 2nd period - Shot by Tomas Hertl.
12:41 of 2nd period - Shot Blocked by Travis Sanheim.
12:58 of 2nd period - Shot by Dylan Larkin.
12:58 of 2nd period - Deflect By Tomas Hertl.
12:58 of 2nd period - Stopped by Henrik Lundqvist with a rebound.
13:00 of 2nd period - Shot by Dylan Larkin.
13:00 of 2nd period - Shot Misses the Net.
13:02 of 2nd period - Shot by Tomas Hertl.
13:02 of 2nd period - Stopped by Henrik Lundqvist without a rebound.
13:03 of 2nd period - Mikael Backlund wins face-off versus Henrik Sedin in Kings zone.
13:12 of 2nd period - Shot by Mikael Backlund.
13:12 of 2nd period - Stopped by Jake Allen with a rebound.
13:30 of 2nd period - Shot by Mikael Backlund.
13:30 of 2nd period - Stopped by Jake Allen without a rebound.
13:31 of 2nd period - Ryan Dzingel wins face-off versus Joe Pavelski in Avalanche zone.
14:09 of 2nd period - Minor Penalty to Jesper Fast for Hooking.
14:10 of 2nd period - Oskar Sundqvist wins face-off versus Dylan Larkin in Kings zone.
14:34 of 2nd period - Shot by Jaccob Slavin.
14:34 of 2nd period - Shot Misses the Net.
14:36 of 2nd period - Shot by Jaccob Slavin.
14:36 of 2nd period - Shot Misses the Net.
14:38 of 2nd period - Shot by Alexander Steen.
14:38 of 2nd period - Shot Misses the Net.
14:40 of 2nd period - Shot by Tomas Hertl.
14:40 of 2nd period - Shot Misses the Net.
15:20 of 2nd period - Shot by Troy Stecher.
15:20 of 2nd period - Shot Misses the Net.
16:12 of 2nd period - Shot by Mats Zuccarello.
16:12 of 2nd period - Stopped by Henrik Lundqvist with a rebound.
16:23 of 2nd period - Minor Penalty to Frank Vatrano for Hooking.
16:24 of 2nd period - Joe Pavelski wins face-off versus Dylan Larkin in Avalanche zone.
16:45 of 2nd period - Shot by Patrik Berglund.
16:45 of 2nd period - Stopped by Jake Allen without a rebound.
16:46 of 2nd period - Jonathan Toews wins face-off versus Dylan Larkin in Avalanche zone.
16:57 of 2nd period - Shot by Jonathan Toews.
16:57 of 2nd period - Shot Misses the Net.
18:20 of 2nd period - Dylan Larkin is hit by Jesper Fast and loses puck.
18:48 of 2nd period - Icing by Mats Zuccarello.
18:49 of 2nd period - Joe Pavelski wins face-off versus Tobias Rieder in Avalanche zone.
19:21 of 2nd period - Shot by Mitch Marner.
19:21 of 2nd period - Shot Misses the Net.
19:23 of 2nd period - Shot by Ryan Dzingel.
19:23 of 2nd period - Shot Misses the Net.
19:47 of 2nd period - Shot by Mitch Marner.
19:47 of 2nd period - Stopped by Henrik Lundqvist with a rebound.
Goals for this period are 0 for Kings vs 0 for Avalanche.
Shots for this period are 10 for Kings vs 9 for Avalanche.

3rd period


0:01 of 3rd period - Jonathan Toews wins face-off versus Dylan Larkin in neutral zone.
1:13 of 3rd period - Shot by Ty Rattie.
1:13 of 3rd period - Stopped by Henrik Lundqvist with a rebound.
1:23 of 3rd period - Shot by Joe Pavelski.
1:23 of 3rd period - Deflect By Nick Bjugstad.
1:23 of 3rd period - Shot Misses the Net.
1:25 of 3rd period - Shot by Nick Bjugstad.
1:25 of 3rd period - Stopped by Jake Allen without a rebound.
1:26 of 3rd period - Mikael Backlund wins face-off versus David Krejci in Avalanche zone.
1:31 of 3rd period - Shot by Andre Burakovsky.
1:31 of 3rd period - Stopped by Jake Allen without a rebound.
1:32 of 3rd period - Tobias Rieder wins face-off versus Mikael Backlund in Avalanche zone.
1:32 of 3rd period - Tobias Rieder is hit by Andre Burakovsky.
1:51 of 3rd period - Mikael Backlund is hit by Frank Vatrano and loses puck.
2:04 of 3rd period - Shot by Mikael Backlund.
2:04 of 3rd period - Stopped by Jake Allen without a rebound.
2:05 of 3rd period - Joe Pavelski wins face-off versus Dylan Larkin in Avalanche zone.
2:05 of 3rd period - Joe Pavelski is hit by Sami Vatanen.
2:07 of 3rd period - Shot by Nick Bjugstad.
2:07 of 3rd period - Shot Misses the Net.
2:16 of 3rd period - Joe Pavelski is hit by Sami Vatanen and loses puck.
2:32 of 3rd period - Nick Bjugstad is hit by Sami Vatanen.
2:36 of 3rd period - Shot by Patrik Berglund.
2:36 of 3rd period - Stopped by Jake Allen without a rebound.
2:37 of 3rd period - Jonathan Toews wins face-off versus David Krejci in Avalanche zone.
2:42 of 3rd period - Shot by Jesper Fast.
2:42 of 3rd period - Stopped by Jake Allen without a rebound.
2:43 of 3rd period - Jonathan Toews wins face-off versus David Krejci in Avalanche zone.
2:56 of 3rd period - Shot by Jonathan Toews.
2:56 of 3rd period - Shot Misses the Net.
3:35 of 3rd period - Shot by Tomas Hertl.
3:35 of 3rd period - Shot Misses the Net.
3:37 of 3rd period - Shot by Dylan Larkin.
3:37 of 3rd period - Shot Blocked by Matt Hunwick.
4:10 of 3rd period - Minor Penalty to Stephen Johns for Goalie Interference.
4:11 of 3rd period - Mikael Backlund wins face-off versus Henrik Sedin in Kings zone.
4:11 of 3rd period - Mikael Backlund is hit by Henrik Sedin.
5:01 of 3rd period - Shot by Oskar Sundqvist.
5:01 of 3rd period - Stopped by Jake Allen without a rebound.
5:02 of 3rd period - Mikael Backlund wins face-off versus Dylan Larkin in Avalanche zone.
5:14 of 3rd period - Shot by Alexander Steen.
5:14 of 3rd period - Stopped by Henrik Lundqvist without a rebound.
5:15 of 3rd period - Henrik Sedin wins face-off versus Joe Pavelski in Kings zone.
6:19 of 3rd period - Mats Zuccarello is hit by Klas Dahlbeck.
7:08 of 3rd period - Shot by Joe Pavelski.
7:08 of 3rd period - Shot Misses the Net.
7:10 of 3rd period - Shot by Nick Bjugstad.
7:10 of 3rd period - Stopped by Jake Allen without a rebound.
7:11 of 3rd period - Dylan Larkin wins face-off versus Jonathan Toews in Avalanche zone.
8:09 of 3rd period - Minor Penalty to Travis Sanheim for Holding.
8:10 of 3rd period - Ryan Dzingel wins face-off versus Joe Pavelski in Kings zone.
8:11 of 3rd period - Shot by Mitch Marner.
8:11 of 3rd period - Shot Misses the Net.
8:25 of 3rd period - Shot by Ryan Dzingel.
8:25 of 3rd period - Stopped by Henrik Lundqvist without a rebound.
8:26 of 3rd period - Joe Pavelski wins face-off versus Henrik Sedin in Kings zone.
8:50 of 3rd period - Shot by Mitch Marner.
8:50 of 3rd period - Deflect By Henrik Sedin.
8:50 of 3rd period - Stopped by Henrik Lundqvist without a rebound.
8:51 of 3rd period - Dylan Larkin wins face-off versus Joe Pavelski in Kings zone.
9:31 of 3rd period - Shot by Mikael Backlund.
9:31 of 3rd period - Shot Misses the Net.
10:38 of 3rd period - Shot by Daniel Sedin.
10:38 of 3rd period - Shot Misses the Net.
10:40 of 3rd period - Shot by Jesper Fast.
10:40 of 3rd period - Stopped by Jake Allen without a rebound.
10:41 of 3rd period - Joe Pavelski wins face-off versus Henrik Sedin in Avalanche zone.
12:01 of 3rd period - Minor Penalty to Mikael Backlund for Interference.
12:02 of 3rd period - Joe Pavelski wins face-off versus Dylan Larkin in Kings zone.
12:12 of 3rd period - Shot by Alexander Steen.
12:12 of 3rd period - Shot Hit the Post.
12:14 of 3rd period - Shot by Jaccob Slavin.
12:14 of 3rd period - Stopped by Henrik Lundqvist without a rebound.
12:15 of 3rd period - Dylan Larkin wins face-off versus Jonathan Toews in Kings zone.
12:18 of 3rd period - Shot by Sami Vatanen.
12:18 of 3rd period - Stopped by Henrik Lundqvist without a rebound.
12:19 of 3rd period - Dylan Larkin wins face-off versus Joe Pavelski in Kings zone.
12:20 of 3rd period - Shot by Jaccob Slavin.
12:20 of 3rd period - Stopped by Henrik Lundqvist without a rebound.
12:21 of 3rd period - Joe Pavelski wins face-off versus Dylan Larkin in Kings zone.
13:39 of 3rd period - Shot by Mitch Marner.
13:39 of 3rd period - Shot Misses the Net.
13:41 of 3rd period - Shot by Troy Stecher.
13:41 of 3rd period - Shot Misses the Net.
13:43 of 3rd period - Shot by Chris Tanev.
13:43 of 3rd period - Stopped by Henrik Lundqvist without a rebound.
13:44 of 3rd period - Henrik Sedin wins face-off versus Oskar Sundqvist in Kings zone.
14:07 of 3rd period - Shot by Frank Vatrano.
14:07 of 3rd period - Shot Blocked by Mikael Backlund.
14:24 of 3rd period - Minor Penalty to Klas Dahlbeck for Hooking.
14:25 of 3rd period - Dylan Larkin wins face-off versus Joe Pavelski in Kings zone.
14:53 of 3rd period - Sami Vatanen is hit by Stephen Johns and loses puck.
15:23 of 3rd period - Shot by Chris Tanev.
15:23 of 3rd period - Shot Misses the Net.
15:25 of 3rd period - Shot by Troy Stecher.
15:25 of 3rd period - Stopped by Henrik Lundqvist without a rebound.
15:26 of 3rd period - Henrik Sedin wins face-off versus Mikael Backlund in Kings zone.
15:37 of 3rd period - Shot by Henrik Sedin.
15:37 of 3rd period - Stopped by Henrik Lundqvist with a rebound.
15:51 of 3rd period - Shot by Mitch Marner.
15:51 of 3rd period - Shot Misses the Net.
15:53 of 3rd period - Shot by Henrik Sedin.
15:53 of 3rd period - Stopped by Henrik Lundqvist without a rebound.
15:54 of 3rd period - Joe Pavelski wins face-off versus Dylan Larkin in Kings zone.
16:03 of 3rd period - Matt Hunwick is hit by Dylan Larkin.
16:33 of 3rd period - Shot by Mats Zuccarello.
16:33 of 3rd period - Deflect By Frank Vatrano.
16:33 of 3rd period - Shot Hit the Post.
17:13 of 3rd period - Chris Tanev is hit by Mikael Backlund and loses puck.
18:39 of 3rd period - Patrik Berglund is hit by Andrew MacDonald and loses puck.
19:22 of 3rd period - Jesper Fast is hit by Troy Stecher.
19:35 of 3rd period - Jonathan Toews is hit by Chris Tanev.
19:54 of 3rd period - Off-side.
19:55 of 3rd period - Joe Pavelski wins face-off versus David Krejci in neutral zone.
Goals for this period are 0 for Kings vs 0 for Avalanche.
Shots for this period are 8 for Kings vs 11 for Avalanche.

Overtime #1


0:01 of 1st overtime period - Tomas Hertl wins face-off versus Jonathan Toews in neutral zone.
0:08 of 1st overtime period - Shot by Dylan Larkin.
0:08 of 1st overtime period - Stopped by Henrik Lundqvist without a rebound.
0:09 of 1st overtime period - Jonathan Toews wins face-off versus Tomas Hertl in Kings zone.
0:27 of 1st overtime period - Icing by Tomas Hertl.
0:28 of 1st overtime period - Jonathan Toews wins face-off versus Tomas Hertl in Avalanche zone.
0:35 of 1st overtime period - Shot by Jonathan Toews.
0:35 of 1st overtime period - Stopped by Jake Allen without a rebound.
0:36 of 1st overtime period - Jonathan Toews wins face-off versus Tomas Hertl in Avalanche zone.
1:41 of 1st overtime period - Shot by David Krejci.
1:41 of 1st overtime period - Shot Blocked by Mikael Backlund.
1:43 of 1st overtime period - Shot by Jaccob Slavin.
1:43 of 1st overtime period - Shot Misses the Net.
1:45 of 1st overtime period - Shot by Jaccob Slavin.
1:45 of 1st overtime period - Stopped by Henrik Lundqvist without a rebound.
1:46 of 1st overtime period - Mikael Backlund wins face-off versus Henrik Sedin in Kings zone.
2:01 of 1st overtime period - Shot by Patrik Berglund.
2:01 of 1st overtime period - Deflect By Mikael Backlund.
2:01 of 1st overtime period - Shot Blocked by Henrik Sedin.
2:05 of 1st overtime period - Shot by Patrik Berglund.
2:05 of 1st overtime period - Goal by Patrik Berglund - Kings : 3 - Avalanche : 2.
Goals for this period are 1 for Kings vs 0 for Avalanche.
Shots for this period are 2 for Kings vs 2 for Avalanche.